 Dungeon Crawl Stone Soup version 0.25.1-3-ge44b62a0b3 (webtiles) character file.

Game seed: 5032185003161239610

20 BisteBaff the Conjurer (level 2, -1/15 HPs)
             Began as a Tengu Conjurer on Nov 20, 2020.
             Slain by Terence
             ... wielding a +0 hand axe
              (3 damage)
             ... on level 2 of the Dungeon.
             The game lasted 00:14:23 (967 turns).

BisteBaff the Conjurer (Tengu Conjurer)              Turns: 967, Time: 00:14:23

Health: -1/15      AC:  2    Str:  8    XL:     2   Next: 79%
Magic:  2/6        EV: 12    Int: 15    God:
Gold:   55         SH:  2    Dex: 14    Spells: 4/5 levels left

rFire    . . .     SeeInvis .   n - +1 dagger (holy)
rCold    . . .     Gourm    .   p - -1 buckler (curse)
rNeg     . . .     Faith    .   a - +0 robe
rPois    .         Spirit   .   (helmet restricted)
rElec    .         Reflect  .   (no cloak)
rCorr    .         Harm     .   (no gloves)
MR       .....                  (boots unavailable)
Stlth    ++........             (no amulet)
HPRegen  0.05/turn              (no ring)
MPRegen  0.10/turn              (no ring)

@: no status effects
A: beak, talons 3
a: no special abilities


You were on level 2 of the Dungeon.
You were not hungry.

You visited 1 branch of the dungeon, and saw 2 of its levels.

You collected 55 gold pieces.

Inventory:

Hand Weapons
 d - a +0 club
 f - a +0 club
 j - a +0 club
 m - a +0 hunting sling
 n - a +1 dagger of holy wrath (weapon)
 r - a +0 dagger
 s - a +0 dagger
Missiles
 g - 15 poisoned darts (quivered)
 o - 19 stones
Armour
 a - a +0 robe (worn)
 p - a cursed -1 buckler (worn)
Scrolls
 h - a scroll of identify
 i - a scroll of amnesia
 k - a scroll of noise {unknown}
Potions
 e - a potion of curing
 l - a potion of stabbing
Comestibles
 c - 3 rations


   Skills:
 + Level 2.2 Dodging
 + Level 2.0 Stealth
 + Level 2.0 Spellcasting
 + Level 6.2 Conjurations


You had 4 spell levels left.
You knew the following spells:

 Your Spells              Type           Power        Failure   Level  Hunger
a - Magic Dart            Conj           ###.         2%          1    #......

Your spell library contained the following spells:

 Spells                   Type           Power        Failure   Level  Hunger
 Searing Ray              Conj           ###...       4%          2    ###....
 Dazzling Flash           Conj/Hex       ##....       30%         3    ###....
 Fulminant Prism          Conj/Hex       ##........   71%         4    #####..
 Iskenderun's Mystic Bla  Conj/Tloc      ##......     71%         4    #####..


Dungeon Overview and Level Annotations

Branches:
Dungeon (2/15)

Altars:

Annotations:
D:2 Terence


Innate Abilities, Weirdness & Mutations

You have a beak for a mouth.
You have claws for feet.


Message History

Terence is moderately wounded.
Terence closely misses you. The hobgoblin misses you.
You hit the hobgoblin but do no damage. Your kick misses the hobgoblin.
Terence hits you with a +0 hand axe.
* * * LOW HITPOINT WARNING * * *
The hobgoblin hits you but does no damage.
You hit the hobgoblin.
The hobgoblin is moderately wounded.
Terence hits you with a +0 hand axe.
* * * LOW HITPOINT WARNING * * *
You block the hobgoblin's attack.
You hit the hobgoblin.
The hobgoblin is severely wounded.
Terence hits you but does no damage.
The hobgoblin hits you with a cursed -3 club.
* * * LOW HITPOINT WARNING * * *
You closely miss the hobgoblin.
The hobgoblin is severely wounded.
Terence hits you with a +0 hand axe.
You die...

########
#....<.#
#.####.#
#.# #.# #
#.#
#.##.#.#
#....@@#
#....g..#
#.##.##.#
# #. .#
.. .. .#
..# ..
..# #.
..#


You could see Terence and a hobgoblin.

Vanquished Creatures
  A leopard gecko (D:1)
  5 hobgoblins (D:1)
  A ball python (D:1)
  3 bats (D:1)
  A frilled lizard (D:1)
  4 goblins (D:1)
  A kobold (D:1)
  2 rats (D:1)
18 creatures vanquished.

Notes
Turn   | Place    | Note
-------+----------+-------------------------------------------
     0 | D:1      | BisteBaff the Tengu Conjurer began the quest for the Orb.
     0 | D:1      | Reached XP level 1. HP: 10/10 MP: 4/4
   271 | D:1      | Reached XP level 2. HP: 15/15 MP: 3/6
   390 | D:1      | Reached skill level 6 in Conjurations
   957 | D:2      | Noticed Terence
   967 | D:2      | Slain by Terence

Illustrated notes

Levels and vault maps discovered:
D:1:      wander_arrival_fairy_ring, layout_basic
D:2:      layout_loops_cross, overflow_temple_1_default, uniq_terence

Skill      XL: |  1  2 |
---------------+-------+-----
Conjurations   | 6 |  6.2
Dodging        | |  2.2
Stealth        | |  2.0
Spellcasting   | |  2.0

Action                   || total
-------------------------++-------
Melee: Unarmed           ||     6
       Dagger            ||     8
       Kick              ||     1
 Cast: Magic Dart        ||    37
  Use: Scroll            ||     3
       Potion            ||     2
  Eat: Chunk             ||     1
Armor: Robe              ||     4
Dodge: Dodged            ||     9
Block: Buckler           ||     3
